 Dungeon Crawl Stone Soup version bcrawl-1.12.2 (webtiles) character file.

Game seed: 310867826016979505

7555 RedPan the Martial Artist (level 10, -5/111 HPs)
             Began as a Demonspawn Monk on July 19, 2019.
             Was a Priest of Qazlal.
             Slain by a death yak (11 damage)
             ... on level 7 of the Dungeon.
             The game lasted 00:23:30 (9604 turns).

RedPan the Martial Artist (Demonspawn Monk)         Turns: 9604, Time: 00:23:30

Health: -5/111     AC: 12    Str: 18    XL:     10   Next: 96%
Magic:  0/25       EV: 17    Int: 14    God:    Qazlal [***...]
Gold:   563        SH:  3    Dex: 17    Spells: 9/9 levels left

rFire    + . .     SeeInvis .     - Unarmed
rCold    + . .     Gourm    .   (no shield)
rNeg     . . .     Faith    .   v - +3 leather armour {rC+}
rPois    .         Spirit   +   b - +1 hat
rElec    .         Reflect  .   i - +2 cloak
rCorr    .         Harm     .   x - +0 pair of gloves
MR       .....                  (boots unavailable)
Stlth    ..........             c - amulet of guardian spirit
HPRegen  0.28/turn              h - +2 ring of strength
MPRegen  0.19/turn              n - ring of magical power

@: berserking, very quick
A: antennae 2, claws 1, hooves 3, blurry vision 1, demonic guardian 1, fire
resistance 1, sense surroundings 1
a: Upheaval, Elemental Force, Renounce Religion


You were on level 7 of the Dungeon.
You worshipped Qazlal.
Qazlal was most pleased with you.
You were not hungry.

You visited 1 branch of the dungeon, and saw 8 of its levels.

You collected 563 gold pieces.

Inventory:

Armour
 a - a +0 robe
 b - a +1 hat (worn)
 i - a +2 cloak (worn)
 v - a +3 leather armour of cold resistance (worn)
 x - a +0 pair of gloves (worn)
Magical Staves
 p - an uncursed staff of cold
Jewellery
 c - an amulet of guardian spirit (around neck)
 e - an uncursed ring of ice
 h - a +2 ring of strength (left hand)
 n - a ring of magical power (right hand)
 r - an uncursed ring of see invisible
Wands
 j - a wand of scattershot (3)
 o - a wand of clouds (10)
 D - a wand of iceblast (4)
Scrolls
 l - 5 scrolls of teleportation
 m - 2 scrolls of remove curse
 q - a scroll of magic mapping
 u - a scroll of fear
 y - a scroll of immolation
Potions
 f - a potion of mutation
 g - 2 potions of curing
 k - a potion of ambrosia {unknown}
 s - 2 potions of agility
 t - 2 potions of might {unknown}
 w - a potion of flight {unknown}
 A - a potion of heal wounds {unknown}
 B - 3 potions of haste
Comestibles
 d - 11 rations {!d}


   Skills:
 + Level 5.0 Fighting
 + Level 5.8 Armour
 + Level 7.9 Dodging
 - Level 2.0 Stealth
 * Level 10.8 Unarmed Combat
 - Level 8.0 Invocations


You had 9 spell levels left.
You didn't know any spells.
Your spell library contained the following spells:

 Spells                   Type           Power        Failure   Level  Hunger
 Animate Skeleton         Necr           N/A          32%         1    ##.....
 Infusion                 Chrm           #.......     32%         1    ##.....
 Pain                     Necr           #...         32%         1    ##.....
 Song of Slaying          Chrm           #.......     45%         2    ###....
 Ozocubu's Armour         Chrm/Ice       #.......     69%         3    ####...
 Regeneration             Chrm/Necr      #.........   69%         3    ####...
 Spectral Weapon          Hex/Chrm       #.......     69%         3    ####...
 Vampiric Draining        Necr           #.........   69%         3    ####...
 Animate Dead             Necr           N/A          97%         4    #####..
 Bolt of Draining         Conj/Necr      #.........   100%        5    ######.


Dungeon Overview and Level Annotations

Branches:
Dungeon (8/12)             Temple (0/1) D:5
   Lair: D:7-10         Orc: D:8-11

Altars:
Hepliaklqana
Kikubaaqudgha
Qazlal
Ru
Sif Muna
Vehumet
The Shining One

Annotations:
D:7 2 runed translucent doors, Morbidden's ghost, novice DrTm
D:8 Grum


Innate Abilities, Weirdness & Mutations

You have a pair of antennae on your head.
You have sharp fingernails.
You have hooves in place of feet.
A weak demonic guardian rushes to your aid.
Your flesh is heat resistant. (rF+)
Scrolls take you a little longer to read.
You passively map a small area around you.


Message History

Your ufetubus hits the death yak but does no damage. x2
You hit the death yak but do no damage. You kick the death yak.
You punch the death yak, but do no damage.
The death yak is severely wounded.
The death yak seems less confused.
Your ufetubus hits the death yak.
Your ufetubus hits the death yak but does no damage.
The death yak gores your ufetubus!!
Your ufetubus dies!
The death yak bellows!
You hit the death yak but do no damage. Your kick misses the death yak.
The death yak is severely wounded.
The death yak misses you.
You hit the death yak.
The death yak is severely wounded.
The death yak gores you!!
* * * LOW HITPOINT WARNING * * *
A red film seems to cover your vision as you go berserk!
You feel yourself moving faster!
You feel mighty!
Your iron imp hits the death yak!
The death yak gores you!
You die...

##..# #..# ##.... #..#
#..# #....# ##..# #.##
##..### #...# #)# ##..##
#.)># ##.# ##..## #..[#
#.(## ###).## #.[.##
#...###..)##
#.([§#####°.......##
######.[>§☼☼§.@Y......##
#.......[☼☼§☼.5.......#
#.#########...........##
### #.#
###..........######..
#.# ##.................
#.# ##..........######
###.# #.......#### W#..#
#......## ≈#..# #......#


You could see a death yak and a friendly iron imp.

Vanquished Creatures
  A two-headed ogre (D:8)
  2 death yaks (D:7)
  3 hippogriffs
  Sigmund (D:2)
  8 yaks (D:7)
  Eustachio (D:5)
  3 orc warriors
  A necrophage (D:6)
  An ice beast (D:6)
  3 sky beasts
  2 phantoms
  An ogre (D:7)
  2 wolves
  5 centaurs
  2 bullfrogs (D:7)
  Dowan (D:7)
  3 scorpions
  A howler monkey (D:6)
  2 jellies (D:7)
  4 orc priests
  3 hounds (D:7)
  14 orc wizards
  An iguana (D:7)
  5 worker ants
  Robin (D:3)
  10 gnolls
  3 adders
  A shadow imp (D:7)
  An ooze (D:2)
  An adder zombie (D:6)
  4 worms
  4 dart slugs
  3 leopard geckos (D:2)
  47 orcs
  5 bats
  2 giant cockroaches
  15 goblins
  10 hobgoblins
  7 jackals
  4 quokkas
  4 frilled lizards
  A jackal skeleton (D:8)
  9 kobolds
  6 rats
208 creatures vanquished.

Vanquished Creatures (collateral kills)
  2 death yaks
  A yak (D:7)
  Duvessa (D:7)
  An orc warrior (D:7)
  A wolf (D:7)
  A bullfrog (D:6)
  A scorpion (D:4)
  An orc priest (D:6)
  An orc wizard (D:3)
  A hound zombie (D:5)
  A gnoll (D:7)
  6 orcs
  A goblin (D:3)
  A jackal skeleton (D:6)
20 creatures vanquished.

Vanquished Creatures (others)
  An orc (D:8)
1 creature vanquished.

Grand Total: 229 creatures vanquished

Notes
Turn   | Place    | Note
-------+----------+-------------------------------------------
     0 | D:1      | RedPan the Demonspawn Monk began the quest for the Orb.
     0 | D:1      | Reached XP level 1. HP: 18/18 MP: 2/2
   209 | D:1      | Reached skill level 3 in Unarmed Combat
   219 | D:1      | Gained mutation: A weak demonic guardian rushes to your
                  | aid. [demonic ancestry]
   219 | D:1      | Reached XP level 2. HP: 18/24 MP: 4/4
   818 | D:2      | Reached XP level 3. HP: 24/29 MP: 3/5
  2010 | D:2      | Reached skill level 4 in Unarmed Combat
  2024 | D:2      | Gained mutation: You have a pair of small antennae on your
                  | head. [demonic ancestry]
  2024 | D:2      | Reached XP level 4. HP: 19/35 MP: 6/6
  2243 | D:2      | Noticed Sigmund
  2253 | D:2      | Killed Sigmund
  2253 | D:2      | Gained mutation: You have a pair of antennae on your head.
                  | [demonic ancestry]
  2253 | D:2      | Reached XP level 5. HP: 41/41 MP: 7/7
  2296 | D:2      | Reached skill level 5 in Unarmed Combat
  2300 | D:2      | Found a stormy altar of Qazlal.
  2314 | D:2      | Became a worshipper of Qazlal Stormbringer
  2314 | D:2      | Reached * piety under Qazlal
  2314 | D:2      | Reached ** piety under Qazlal
  3062 | D:3      | Gained mutation: You have large cloven feet. [demonic
                  | ancestry]
  3062 | D:3      | Reached XP level 6. HP: 40/47 MP: 8/8
  3205 | D:3      | Noticed Robin
  3244 | D:3      | Gained mutation: You are clumsy. (Dex -2) [potion of
                  | mutation]
  3244 | D:3      | Gained mutation: Your magical capacity is low. (-10% MP)
                  | [potion of mutation]
  3244 | D:3      | Gained mutation: You expend magic power (3 MP) to
                  | strengthen your wands. [potion of mutation]
  3258 | D:3      | HP: 1/47 [poisoned by Robin]
  3269 | D:3      | Killed Robin
  3452 | D:3      | Lost mutation: Your magical capacity is low. (-10% MP)
                  | [potion of mutation]
  3452 | D:3      | Lost mutation: You are clumsy. (Dex -2) [potion of
                  | mutation]
  3452 | D:3      | Lost mutation: You expend magic power (3 MP) to strengthen
                  | your wands. [potion of mutation]
  3452 | D:3      | Gained mutation: Scrolls take you a little longer to read.
                  | [potion of mutation]
  3452 | D:3      | Gained mutation: You passively map a small area around you.
                  | [potion of mutation]
  3791 | D:4      | Reached *** piety under Qazlal
  4570 | D:5      | Entered Level 5 of the Dungeon
  4590 | D:5      | Noticed a sky beast
  4596 | D:5      | Killed a sky beast
  4596 | D:5      | Gained mutation: Your flesh is heat resistant. (rF+)
                  | [demonic ancestry]
  4596 | D:5      | Reached XP level 7. HP: 52/52 MP: 10/10
  4610 | D:5      | Found a glowing golden altar of the Shining One.
  4733 | D:5      | Reached skill level 6 in Unarmed Combat
  4770 | D:5      | Found a staircase to the Ecumenical Temple.
  5377 | D:5      | Noticed Eustachio
  5380 | D:5      | Reached skill level 5 in Dodging
  5380 | D:5      | Reached skill level 5 in Invocations
  5432 | D:5      | HP: 2/52 [poisoned by an orc wizard]
  5440 | D:5      | HP: 2/52 [poisoned by an orc wizard]
  5774 | D:5      | Killed Eustachio
  6198 | D:6      | Gained mutation: You have hoof-like feet. [demonic
                  | ancestry]
  6198 | D:6      | Reached XP level 8. HP: 58/58 MP: 12/12
  6207 | D:6      | Reached skill level 7 in Unarmed Combat
  6221 | D:6      | Reached skill level 1 in Armour
  6233 | D:6      | Noticed a hippogriff
  6401 | D:6      | Killed a hippogriff
  6744 | D:6      | Reached skill level 8 in Unarmed Combat
  6955 | D:6      | Found a hazy altar of Hepliaklqana.
  7004 | D:7      | Gained mutation: You have sharp fingernails. [demonic
                  | ancestry]
  7004 | D:7      | Reached XP level 9. HP: 62/63 MP: 14/14
  7283 | D:7      | Found a large runed translucent door.
  7285 | D:7      | Found a large runed translucent door.
  7287 | D:7      | Noticed Morbidden's ghost (novice DrTm)
  7381 | D:7      | Noticed Dowan
  7383 | D:7      | Noticed Duvessa
  7390 | D:7      | Killed Duvessa
  7399 | D:7      | Killed Dowan
  7414 | D:7      | Found a sacrificial altar of Ru.
  7636 | D:7      | Found a deep blue altar of Sif Muna.
  7645 | D:7      | Found an ancient bone altar of Kikubaaqudgha.
  7658 | D:7      | Found a radiant altar of Vehumet.
  7890 | D:7      | Reached skill level 9 in Unarmed Combat
  8165 | D:8      | Noticed a cyclops
  8182 | D:8      | Noticed a death yak
  8389 | D:8      | Noticed a death yak
  8391 | D:8      | Noticed a two-headed ogre
  8393 | D:8      | Noticed a death yak
  8395 | D:8      | Noticed a death yak
  8408 | D:8      | Noticed a death yak
  8569 | D:7      | Reached **** piety under Qazlal
  8736 | D:8      | Noticed Grum
  8748 | D:7      | Gained mutation: You have hooves in place of feet. [demonic
                  | ancestry]
  8748 | D:7      | Reached XP level 10. HP: 49/70 MP: 16/16
  8846 | D:8      | Noticed a manticore
  9027 | D:8      | Killed a two-headed ogre
  9044 | D:8      | Reached skill level 10 in Unarmed Combat
  9075 | D:8      | Killed a death yak
  9075 | D:8      | Reached skill level 5 in Armour
  9112 | D:7      | Killed a death yak
  9442 | D:7      | Killed a death yak
  9447 | D:7      | Killed a death yak
  9595 | D:7      | Reached skill level 5 in Fighting
  9604 | D:7      | Slain by a death yak

Skill      XL: |  1  2  3  4  5  6  7  8  9 10 |
---------------+-------------------------------+-----
Unarmed Combat | 3 4 5 6 8 9 10 | 10.8
Dodging        | 3 4 5 6 7 |  7.9
Invocations    | 3 4 5 6 8 |  8.0
Armour         | 2 4 5 |  5.8
Fighting       | 5 |  5.0
Stealth        | |  2.0

Action                   |  1- 3 |  4- 6 |  7- 9 | 10-12 || total
-------------------------+-------+-------+-------+-------++-------
Melee: Unarmed           |   190 |   213 |   387 |    83 ||   873
       Punch             |     3 |     4 |    14 |     6 ||    27
       Kick              |       |    43 |   125 |    30 ||   198
Invok: Upheaval          |       |     1 |     5 |     5 ||    11
       Elemental Force   |       |       |     3 |     3 ||     6
Evoke: Wand              |       |       |     2 |     2 ||     4
  Use: Scroll            |     2 |     6 |     4 |       ||    12
       Potion            |       |     7 |       |     1 ||     8
 Stab: Sleeping          |     2 |     1 |       |       ||     3
       Distracted        |     1 |     2 |     3 |       ||     6
  Eat: Chunk             |     3 |     9 |     9 |     4 ||    25
       Ration            |       |       |     1 |       ||     1
Armor: Robe              |    33 |    19 |    26 |       ||    78
       Leather armour    |       |       |    73 |    28 ||   101
Dodge: Dodged            |   115 |   148 |   250 |    94 ||   607
       Deflected         |       |       |     2 |     2 ||     4
Block: Other             |       |    22 |    79 |    30 ||   131
